 Dungeon Crawl Stone Soup version 0.29.1-2-gbd0b4ee654 (webtiles) character file.

Game seed: 5892699269038139888

54 unlimited1921 the Magician (level 4, -1/31 HPs)
             Began as a Djinni Fire Elementalist on Oct 29, 2022.
             Was an Initiate of Dithmenos.
             Slain by a goblin
             ... wielding a +0 club
             ... led by Robin
              (6 damage)
             ... on level 2 of the Dungeon.
             The game lasted 00:06:32 (3595 turns).

unlimited1921 the Magician (DjFE)                   Turns: 3595, Time: 00:06:33

Health: -1/31      AC:  2    Str:  7    XL:     4   Next: 12%
Gold:   108        EV: 12    Int: 19    God:    Dithmenos [......] SH:  0 Dex: 13

rFire   + + .      SeeInvis .   j - +0 war axe (freeze)
rCold   x . .      Faith    .   (no shield)
rNeg    . . .      Spirit   .   a - +0 robe
rPois   ∞          Reflect  .   (no helmet)
rElec   .          Harm     .   (no cloak)
rCorr   .          Rampage  .   (no gloves)
Will    .....                   (boots unavailable)
Stlth   ++........              (no amulet)
HPRegen 0.10/turn               (no ring)
MPRegen 0.00/turn               (no ring)

@: flying
A: sickness immunity, fire resistance 2, cold vulnerability 1, float, innate
caster, HP casting, extra vitality 1
a: Renounce Religion


You were on level 2 of the Dungeon.
You worshipped Dithmenos.
Dithmenos was noncommittal.
You visited 1 branch of the dungeon, and saw 2 of its levels.

You collected 108 gold pieces.

Inventory:

Hand Weapons
 j - a +0 war axe of freezing (weapon)
Armour
 a - a +0 robe (worn)
 g - a +0 leather armour
Scrolls
 b - a scroll of identify {unknown}
 e - a scroll of vulnerability {unknown}
 f - a scroll of immolation {unknown}
Potions
 c - a potion of curing {unknown}
 d - a potion of invisibility {unknown}
 h - a potion of brilliance {unknown}
 i - a potion of flight


   Skills:
 + Level 2.5 Dodging
 + Level 1.8 Stealth
 + Level 3.4 Spellcasting


You couldn't memorise any spells.
You knew the following spells:

 Your Spells              Type           Power      Damage    Failure   Level
a - Foxfire               Conj/Fire      64%        2x1d7     3%          1
b - Scorch                Fire           32%        2d6       5%          2
c - Conjure Flame         Conj/Fire      16%        6-21      11%         3
d - Inner Flame           Hex/Fire       16%        N/A       11%         3
e - Flame Wave            Conj/Fire      16%        2d7       34%         4
f - Apportation           Tloc           32%        N/A       3%          1
Your spell library was empty.

Dungeon Overview and Level Annotations

Branches:
Dungeon (2/15)

Altars:
Dithmenos

Shops:
D:1 (

Annotations:
D:2 Robin


Innate Abilities, Weirdness & Mutations

You are immune to sickness and miasma.
You are immune to poison.
Your flesh is very heat resistant. (rF++)
You are vulnerable to cold. (rC-)
You float through the air rather than walking.
You learn spells naturally, not from books.
Your magical power is your life essence.
You have superior vitality. (+4 MHP)


Message History

Unknown command.
Unknown command.
Casting: Inner Flame (quite dangerous; 11% risk of failure)
Confirm with . or Enter, or press ? or * to list all spells.
The spell is quite dangerous to miscast (11% risk of failure)!
Continue anyway?
Aiming: Inner Flame (quite dangerous; 11% risk of failure)
Press: ? - help, Dir - move target, f - Robin, p - goblin
Aim: Robin, wielding a +0 trident, wearing a +0 animal skin and wearing a +1 helmet (chance to affect: 78%) Robin is filled with an inner flame.
The goblin shouts!
Robin roars a battlecry!
The goblins go into a battle-frenzy!
The goblin closely misses you.
Casting: Inner Flame (quite dangerous; 11% risk of failure)
Confirm with . or Enter, or press ? or * to list all spells.
The spell is quite dangerous to miscast (11% risk of failure)!
Continue anyway?
Aiming: Inner Flame (quite dangerous; 11% risk of failure)
Press: ? - help, Dir - move target, f - goblin, p - Robin
Aim: a goblin, wielding a +0 club (strong, chance to affect: 84%)
The goblin is filled with an inner flame.
A goblin comes into view. It is wielding a +0 dagger.
A hobgoblin comes into view.
The goblin hits you but does no damage.
It was a potion of flight.
You feel more buoyant. The goblin hits you with a +0 club.
* * * LOW HITPOINT WARNING * * *
Your magical contamination has completely faded away.
Casting: Inner Flame (quite dangerous; 11% risk of failure)
Confirm with . or Enter, or press ? or * to list all spells.
Flames lash Robin.
Flame seeps out of Robin.
Robin is moderately wounded.
Robin's fire resistance burns away.
The goblin shouts!
* * * LOW HITPOINT WARNING * * *
Robin is engulfed in blazing flames.
Flame seeps out of Robin.
Robin throws the goblin at you!
A goblin comes into view. It is wielding a +0 club.
The goblin barely misses you. The goblin hits you with a +0 club.
You die...

.### .##### #+# ..:#
####...... ...#
#....g.... ...#
+....g.g.. ####
#........# .### #wgg..#
...# #### #gg...+
##.###..#########ggg..#
#...#..........@####.#
###...........g.# #
#####............#
.................#
######...........#
#####...........#
#...............#
#.............### #.#
##.............## #.#


You could see a worm, Robin (inner flame, combustible), a hobgoblin (strong) and
9 goblins.

Vanquished Creatures
  2 adders (D:2)
  A worm (D:2)
  4 bats
  3 endoplasms
  A giant cockroach (D:2)
  3 goblins
  4 hobgoblins
  2 quokkas
  4 ball pythons
  4 frilled lizards
  3 kobolds
  2 rats
33 creatures vanquished.

Vanquished Creatures (others)
  94 foxfires
94 creatures vanquished.

Grand Total: 127 creatures vanquished

Notes
Turn   | Place    | Note
-------+----------+-------------------------------------------
     0 | D:1      | unlimited1921 the Djinni Fire Elementalist began the quest
                  | for the Orb.
     0 | D:1      | unlimited1921 set off with the following spells memorised:
                  | Foxfire, Scorch, Conjure Flame, Inner Flame, Flame Wave.
     0 | D:1      | Reached XP level 1. HP: 15/15 MP: 0/0
   244 | D:1      | Reached XP level 2. HP: 17/21 MP: 0/0
  2172 | D:1      | Found a faded altar of an unknown god.
  2215 | D:1      | Reached skill level 3 in Spellcasting
  2215 | D:1      | Reached XP level 3. HP: 22/25 MP: 0/0
  2215 | D:1      | Learned a level 1 spell: Apportation
  2453 | D:1      | Found Ycam's Weapon Shop.
  3037 | D:2      | Found a shadowy altar of Dithmenos.
  3073 | D:2      | Became a worshipper of Dithmenos the Shadowed
  3098 | D:2      | Reached XP level 4. HP: 27/31 MP: 0/0
  3588 | D:2      | Noticed Robin
  3595 | D:2      | Slain by a goblin

Illustrated notes

Levels and vault maps discovered:
D:1:      dpeg_arrival_pond, layout_rooms, serial_shops, shop,
          basic_ecumenical_altar
D:2:      layout_basic, basic_altar, kennysheep_generic_room_11, uniq_robin

Skill      XL: |  1  2 |
---------------+-------+-----
Spellcasting   | 3 |  3.4
Dodging        | |  2.5
Stealth        | |  1.8

Action                   |  1- 3 |  4- 6 || total
-------------------------+-------+-------++-------
Melee: War axe           |       |     2 ||     2
 Cast: Foxfire           |    53 |     8 ||    61
       Scorch            |    10 |     2 ||    12
       Inner Flame       |       |     6 ||     6
  Use: Potion            |       |     1 ||     1
 Stab: Sleeping          |       |     1 ||     1
Armor: Robe              |       |     2 ||     2
Dodge: Dodged            |     4 |     5 ||     9
